 Dungeon Crawl Stone Soup version 0.30-a0-310-g7d6cbdfea6 (webtiles) character file.

Game seed: 4324674298674819604

984 Hubris850 the Skirmisher (level 8, -8/44 HPs)
             Began as a Kobold Hunter on Oct 24, 2022.
             Mangled by a two-headed ogre
             ... wielding a +0 giant club
              (22 damage)
             ... on level 5 of the Dungeon.
             The game lasted 00:09:42 (3265 turns).

Hubris850 the Skirmisher (Kobold Hunter)            Turns: 3265, Time: 00:09:43

Health: -8/44      AC:  7    Str: 12    XL:     8   Next: 40%
Magic:  8/8        EV: 17    Int: 10    God:
Gold:   215        SH:  0    Dex: 27    Spells: 7/7 levels left

rFire   . . .      SeeInvis .    a - +0 shortbow (flame)
rCold   x . .      Faith    .    (shield currently unavailable)
rNeg    . . .      Spirit   .    p - +3 leather armour of Discretion {*Corrode rC- Regen+ Str+4}
rPois   .          Reflect  .    q - +0 helmet
rElec   .          Harm     .    (no cloak)
rCorr   .          Rampage  .    (no gloves)
Will    .....                    (no boots)
Stlth   ++++......               (no amulet)
HPRegen 1.07/turn                l - +6 ring of dexterity
MPRegen 0.11/turn                (no ring)

@: studying Throwing
A: small, no large weapons, nightstalker 3
a: no special abilities


You were on level 5 of the Dungeon.
You visited 1 branch of the dungeon, and saw 5 of its levels.

You collected 215 gold pieces.

Inventory:

Hand Weapons
 a - a +0 shortbow of flaming (weapon)
 b - a +1 whip of electrocution
 m - a +6 dagger of speed
Missiles
 n - 4 poisoned darts
 u - 3 javelins
 w - 4 throwing nets
 B - 6 curare-tipped darts
Armour
 c - a +0 leather armour
 p - the +3 leather armour of Discretion (worn) {*Corrode rC- Regen+ Str+4}
   (You found it on level 2 of the Dungeon)

   Str:       It affects your strength (+4).
   rC:        It makes you vulnerable to cold.
   Regen:     It increases your rate of health regeneration.
   *Corrode:  It may corrode you when you take damage.
 q - a +0 helmet (worn)
Jewellery
 l - a +6 ring of dexterity (left hand)
 A - a ring of resist corrosion
Wands
 r - a wand of light (3)
 x - a wand of flame (17)
 y - a wand of mindburst (12)
Scrolls
 d - 2 scrolls of immolation
 h - 2 scrolls of summoning
 t - a scroll of amnesia
 v - a scroll of poison {unknown}
 z - a scroll of identify
Potions
 e - a potion of mutation
 f - a potion of ambrosia
 g - 2 potions of heal wounds
 i - 2 potions of magic
 j - a potion of attraction {unknown}
 k - 3 potions of curing {unknown}
 o - 2 potions of haste {unknown}
 s - a potion of might {unknown}


   Skills:
 - Level 2.1 Fighting
 + Level 12.2 Ranged Weapons
 + Level 0.0 Throwing
 - Level 3.5 Dodging
 - Level 4.0 Stealth


You had 7 spell levels left.
You didn't know any spells.
Your spell library contained the following spells:

 Spells                   Type           Power      Damage    Failure   Level
 Magic Dart               Conj           0%         1d3       43%         1
 Shock                    Conj/Air       0%         1d3       43%         1
 Ensorcelled Hibernation  Hex/Ice        0%         N/A       58%         2
 Searing Ray              Conj           0%         2d4       58%         2
 Sublimation of Blood     Necr           0%         N/A       58%         2
 Spider Form              Tmut/Pois      0%         N/A       82%         3
 Swiftness                Air            0%         N/A       82%         3
 Airstrike                Air            0%         2d(0-16)  99%         4
 Anguish                  Hex/Necr       0%         N/A       99%         4
 Fulminant Prism          Conj/Hex       0%         3d6       99%         4
 Petrify                  Tmut/Erth      0%         N/A       99%         4
 Irradiate                Conj/Tmut      0%         3d11      100%        5


Dungeon Overview and Level Annotations

Branches:
Dungeon (5/15)
 Temple: D:4-7

Altars:
Cheibriados
Kikubaaqudgha
Qazlal
Ru
Vehumet
Xom
Zin

Shops:
D:3 (   D:4 =


Innate Abilities, Weirdness & Mutations

You are small and have problems with some larger weapons.
You are completely attuned to the shadows.


Message History

Fire: a) +0 shortbow (flame)
Press: ? - help, Q - select action, (/) - cycle Shift-Dir - straight line, f/p - two-headed ogre
Aim: a two-headed ogre, wielding two +0 giant clubs (moderately wounded, 82% to hit)
You shoot an arrow.
The arrow hits the two-headed ogre but does no damage.
The two-headed ogre is moderately wounded.
The two-headed ogre barely misses you. x2
Fire: a) +0 shortbow (flame)
Press: ? - help, Q - select action, (/) - cycle Shift-Dir - straight line, f/p - two-headed ogre
Aim: a two-headed ogre, wielding two +0 giant clubs (moderately wounded, 82% to hit)
You shoot an arrow. The arrow hits the two-headed ogre.
The arrow burns the two-headed ogre.
The two-headed ogre is heavily wounded.
The two-headed ogre misses you.
The two-headed ogre hits you with a +0 giant club!
* * * LOW HITPOINT WARNING * * *
Fire: a) +0 shortbow (flame)
Press: ? - help, Q - select action, (/) - cycle Shift-Dir - straight line, f/p - two-headed ogre
Aim: a two-headed ogre, wielding two +0 giant clubs (heavily wounded, 82% to hit)
You shoot an arrow. The arrow hits the two-headed ogre!
The arrow burns the two-headed ogre.
The two-headed ogre is severely wounded.
Fire: a) +0 shortbow (flame)
Press: ? - help, Q - select action, (/) - cycle Shift-Dir - straight line, f/p - two-headed ogre
Aim: a two-headed ogre, wielding two +0 giant clubs (severely wounded, 82% to hit)
You shoot an arrow. The arrow hits the two-headed ogre.
The arrow burns the two-headed ogre.
The two-headed ogre is severely wounded.
The two-headed ogre barely misses you.
The two-headed ogre completely misses you.
Fire: a) +0 shortbow (flame)
Press: ? - help, Q - select action, (/) - cycle Shift-Dir - straight line, f/p - two-headed ogre
Aim: a two-headed ogre, wielding two +0 giant clubs (severely wounded, 82% to hit)
You shoot an arrow. The arrow hits the two-headed ogre.
The arrow burns the two-headed ogre.
The two-headed ogre is almost dead.
The two-headed ogre closely misses you.
The two-headed ogre hits you with a +0 giant club!!
Ouch! That really hurt!
You die...

.... ...... .!.. .#.... ##..
....# ...O## ####..#
#.@####..)..# ......##
##...#....#.# #........#
###.....##.# #...#.....#
##..#####.####
..#.#.....######...#####.....
.............................
..##.<###..##................
#.....##..........#...........
.......<......##.##...........


You could see a two-headed ogre.

Vanquished Creatures
  The ghost of scionoferis the Trooper, an amateur GrCA of Ignis (D:4)
  2 black bears (D:4)
  An ogre (D:4)
  2 scorpions (D:4)
  3 orc priests (D:4)
  2 gnoll boudas (D:4)
  An iguana (D:4)
  2 orc wizards (D:4)
  8 gnolls (D:4)
  8 adders
  A dart slug (D:4)
  10 orcs
  7 endoplasms
  3 giant cockroaches
  16 goblins
  8 hobgoblins
  2 quokkas
  5 ball pythons
  3 frilled lizards
  7 kobolds
  A rat (D:2)
93 creatures vanquished.

Vanquished Creatures (collateral kills)
  Robin (D:3)
1 creature vanquished.

Vanquished Creatures (others)
  An orc wizard (D:4)
  4 plants (D:4)
5 creatures vanquished.

Grand Total: 99 creatures vanquished

Notes
Turn   | Place    | Note
-------+----------+-------------------------------------------
     0 | D:1      | Hubris850 the Kobold Hunter began the quest for the Orb.
     0 | D:1      | Reached XP level 1. HP: 12/12 MP: 1/1
    98 | D:1      | Found a faded altar of an unknown god.
   103 | D:1      | Got Plato's Meditations on the Zephyr
   242 | D:1      | Reached XP level 2. HP: 17/17 MP: 2/2
   542 | D:2      | Identified the +3 leather armour of Discretion {*Corrode
                  | rC- Regen+ Str+4}
   758 | D:2      | Reached XP level 3. HP: 20/21 MP: 3/3
  1284 | D:3      | Reached skill level 6 in Ranged Weapons
  1284 | D:3      | Reached XP level 4. HP: 26/26 MP: 4/4
  1412 | D:3      | Found a snail-covered altar of Cheibriados.
  1543 | D:3      | Found Latwel's Weapon Shop.
  1555 | D:3      | Found an iron altar of Okawaru.
  1555 | D:3      | Found a stormy altar of Qazlal.
  1556 | D:3      | Found a sacrificial altar of Ru.
  1559 | D:3      | Found a shimmering altar of Xom.
  1559 | D:3      | Found a snail-covered altar of Cheibriados.
  1559 | D:3      | Found a shimmering altar of Xom.
  1810 | D:3      | Noticed Robin
  1831 | D:3      | Killed Robin
  1832 | D:3      | Reached XP level 5. HP: 30/30 MP: 5/5
  1850 | D:3      | Found a radiant altar of Vehumet.
  2256 | D:4      | Reached skill level 7 in Ranged Weapons
  2290 | D:4      | Noticed an ogre
  2296 | D:4      | Killed an ogre
  2297 | D:4      | Reached skill level 8 in Ranged Weapons
  2297 | D:4      | Reached XP level 6. HP: 35/35 MP: 6/6
  2342 | D:4      | Noticed a black bear
  2346 | D:4      | Killed a black bear
  2359 | D:4      | Noticed a black bear
  2367 | D:4      | Killed a black bear
  2368 | D:4      | Reached skill level 9 in Ranged Weapons
  2368 | D:4      | Reached XP level 7. HP: 36/40 MP: 7/7
  2398 | D:4      | Reached skill level 10 in Ranged Weapons
  2489 | D:4      | Found Miysch's Jewellery Emporium.
  2523 | D:4      | Reached skill level 11 in Ranged Weapons
  2552 | D:4      | Found an ancient bone altar of Kikubaaqudgha.
  2730 | D:4      | Reached XP level 8. HP: 44/44 MP: 8/8
  2759 | D:4      | Found a glowing silver altar of Zin.
  2809 | D:4      | Found a transporter.
  2811 | D:4      | Found a transporter.
  3022 | D:4      | Noticed scionoferis's ghost (amateur GrCA)
  3037 | D:4      | Killed scionoferis's ghost
  3038 | D:4      | Reached skill level 12 in Ranged Weapons
  3165 | D:5      | Entered Level 5 of the Dungeon
  3255 | D:5      | Noticed a two-headed ogre
  3265 | D:5      | Mangled by a two-headed ogre

Illustrated notes

Levels and vault maps discovered:
D:1:      minmay_arrival_arboretum_large, layout_basic,
          shapermc_ecumenical_altar_rom_forum
D:2:      layout_basic
D:3:      layout_loops_cross, cheibriados_altar_1, doesnt_xom_only_xom,
          nicolae_vehumet_radiance, serial_shops,
          nicolae_shop_bloodbath_and_beyond, uniq_robin
D:4:      minmay_clustersquares, layout_rooms, lemuel_coloured_pillars_altar,
          old_standard_altar, gammafunk_ghost_gnarly_gnolls, serial_shops,
          shop_statue
D:5:      layout_rooms, worldfamousw_hep_ancestral_shrine,
          minmay_temple_entry_junction, chequers_serial_rivers_small_b

Skill      XL: |  1  2  3  4  5  6  7  8 |
---------------+-------------------------+-----
Stealth        | 2 3 4 |  4.0
Dodging        | 3 |  3.5
Ranged Weapons | 6 8 9 11 12 | 12.2
Fighting       | |  2.1

Action                   |  1- 3 |  4- 6 |  7- 9 || total
-------------------------+-------+-------+-------++-------
Melee: Dagger            |       |       |    14 ||    14
 Fire: Shortbow          |    39 |    95 |    86 ||   220
Evoke: Wand              |       |       |     5 ||     5
  Use: Scroll            |     7 |     7 |       ||    14
       Potion            |       |     1 |       ||     1
 Stab: Invisible         |       |       |     3 ||     3
Armor: Leather armour    |     1 |     7 |     8 ||    16
Dodge: Dodged            |     7 |    43 |    65 ||   115

Table legend: (Time is in decaauts)
 A = Elapsed time spent in this place.
 B = Non-inter-level travel time spent in this place.
 C = Inter-level travel time spent in this place.
 D = Time resting spent in this place.
 E = Time spent auto-exploring this place.
 F = Levels seen in this place.
 G = Mean time per level.
                   A        B        C        D        E       F      G
               +--------+--------+--------+--------+--------+-----+--------+
         Total |   3294 |   3140 |    154 |     31 |   2518 |   5 |  658.8 |
       Dungeon |   3294 |   3140 |    154 |     31 |   2518 |   5 |  658.8 |
               +--------+--------+--------+--------+--------+-----+--------+

Top non-repeatable levels by time:
     D:4: 1027 daAuts
     D:3: 876 daAuts
     D:2: 819 daAuts
     D:1: 472 daAuts
     D:5: 99 daAuts
